 Dungeon Crawl Stone Soup version 0.28.0-53-g5a82cb258f (console) character file.

Game seed: 7637891801116915090

4465 erker the Geomancer (level 10, -2/56 HPs)
             Began as an Octopode Earth Elementalist on Aug 2, 2022.
             Was an Initiate of Gozag.
             Slain by a kobold brigand
             ... wielding a +0 club
              (6 damage)
             ... on level 8 of the Dungeon.
             The game lasted 00:31:11 (10446 turns).

erker the Geomancer (Octopode Earth Elementalist)  Turns: 10446, Time: 00:31:11

Health: -2/56      AC:  1    Str:  8    XL:     10   Next: 37%
Magic:  13/16      EV: 13    Int: 22    God:    Gozag
Gold:   1108       SH:  0    Dex: 18    Spells: 10/17 levels left

rFire   . . .      SeeInvis .   k - +1 short sword (venom)
rCold   . . .      Faith    .   w - orb {light}
rNeg    . . .      Spirit   .   (helmet restricted)
rPois   .          Reflect  .   s - amulet of the acrobat
rElec   .          Harm     .   G - +6 ring of dexterity
rCorr   .          Rampage  .   (no ring)
Will    .....                   (no ring)
Stlth   ++........              (no ring)
HPRegen 0.18/turn               (no ring)
MPRegen 0.15/turn               (no ring)
                                (no ring)
                                (no ring)

@: brilliant, lethally poisoned (-2 -> -11), gold aura, slowed, glowing, very
slow
A: almost no armour, amphibious, 8 rings, camouflage 1, gelatinous body 1,
(nimble swimmer 1), tentacles
a: Renounce Religion, Potion Petition, Call Merchant, Bribe Branch


You were on level 8 of the Dungeon.
You worshipped Gozag.
Gozag was most pleased with you.
You visited 1 branch of the dungeon, and saw 8 of its levels.
You also visited: Sewer and Ossuary.

You collected 1177 gold pieces.
You paid 69 gold pieces to Gozag.

Inventory:

Hand Weapons
 a - a +0 dagger
 k - a +1 short sword of venom (weapon)
 n - a +2 short sword of speed
Missiles
 b - 162 stones (quivered)
 u - 6 poisoned darts
 A - 4 throwing nets
Armour
 w - an orb of light (worn)
Jewellery
 m - an amulet of faith
 s - an amulet of the acrobat (around mantle)
 G - a +6 ring of dexterity (left tentacle)
Wands
 y - a wand of paralysis (6)
Scrolls
 e - 3 scrolls of blinking
 f - 3 scrolls of teleportation {unknown}
 g - 8 scrolls of identify {unknown}
 h - 5 scrolls of torment {unknown}
 j - 2 scrolls of fog {unknown}
 l - a scroll of summoning {unknown}
 r - a scroll of fear {unknown}
 t - 2 scrolls of enchant armour {unknown}
 x - a scroll of brand weapon {unknown}
 B - 2 scrolls of noise {unknown}
 C - a scroll of magic mapping {unknown}
 F - 2 scrolls of enchant weapon {unknown}
Potions
 c - 3 potions of heal wounds {unknown}
 d - 2 potions of brilliance
 i - 3 potions of ambrosia {unknown}
 o - a potion of might
 p - 2 potions of mutation {unknown}
 q - a potion of curing {unknown}
 v - a potion of resistance {unknown}
 z - 2 potions of flight {unknown}
 D - a potion of berserk rage {unknown}
 E - 2 potions of lignification {unknown}


   Skills:
 + Level 0.1 Fighting
 - Level 2.0 Short Blades
 - Level 2.0 Dodging
 - Level 6.0 Stealth
 - Level 4.0 Spellcasting
 - Level 10.0 Transmutations
 - Level 10.0 Earth Magic


You had 10 spell levels left.
You knew the following spells:

 Your Spells              Type           Power      Damage    Failure   Level
a - Sandblast             Erth           100%       2d20      1%          1
p - Petrify               Tmut/Erth      64%        N/A       1%          4
w - Passwall              Tmut/Erth      53%        N/A       1%          2

Your spell library contained the following spells:

 Spells                   Type           Power      Damage    Failure   Level
 Stone Arrow              Conj/Erth      78%        3d11      4%          3
 Blade Hands              Tmut           32%        N/A       4%          5
 Leda's Liquefaction      Hex/Erth       19%        N/A       14%         4
 Corpse Rot               Necr/Air       12%        N/A       17%         2
 Poisonous Vapours        Pois/Air       12%        N/A       17%         2
 Call Canine Familiar     Summ           6%         N/A       32%         3
 Portal Projectile        Hex/Tloc       12%        N/A       32%         3
 Excruciating Wounds      Necr           3%         N/A       97%         5
 Lehudib's Crystal Spear  Conj/Erth      19%        10d6      100%        8
 Animate Armour           Summ/Erth      Unusable   N/A       N/A         4

Dungeon Overview and Level Annotations

Branches:
Dungeon (8/15)             Temple (0/1) D:5           Sewer (visited)
Ossuary (visited)
   Lair: D:8-11

Altars:
Ashenzari
Cheibriados
Fedhas
Gozag
Qazlal
Ru
Sif Muna
Trog
Uskayaw
Xom
Yredelemnul
Zin

Annotations:
D:3 1 exclusion


Innate Abilities, Weirdness & Mutations

You cannot wear most types of armour.
You are amphibious.
You can wear up to eight rings at the same time.
Your skin changes colour to match your surroundings (Stealth+).
Your rubbery body absorbs attacks. (AC +1, EV +1)
((You are camouflaged when in or above water. (Stealth+)))
You have tentacles for arms and can constrict up to eight enemies at once.


Message History

The kobold dies!
The ball of steam hits you!!
Casting: Petrify (dangerous; 1% risk of failure)
Confirm with . or Enter, or press ? or * to list all spells.
Aiming: Petrify (dangerous; 1% risk of failure)
Press: ? - help, Shift-Dir - straight line, f - steam dragon
Aim: a steam dragon (steam, haloed, chance to affect: 71%)
The steam dragon is moving more slowly.
The steam dragon stops moving altogether!
The helpless steam dragon fails to defend itself.
You impale the steam dragon!!
The steam dragon is heavily wounded.
The kobold brigand closely misses you.
The helpless steam dragon fails to defend itself.
You impale the steam dragon!!
The steam dragon is almost dead.
The kobold brigand hits you with a +0 club.
The helpless steam dragon fails to defend itself.
You impale the steam dragon!!
You kill the steam dragon!
The kobold brigand completely misses you.
The kobold brigand throws a curare-tipped dart.
The curare-tipped dart hits you.
You are poisoned.
You have difficulty breathing.
* * * LOW HITPOINT WARNING * * *
You feel yourself slow down.
Training target 10.0 for Transmutations reached!
Your Transmutations skill increases to level 10!
You need to enable at least one skill for training.
It was a potion of brilliance.
You feel clever all of a sudden.
* * * LOW HITPOINT WARNING * * *
You feel very sick.
The kobold brigand hits you with a +0 club.
* * * LOW HITPOINT WARNING * * *
The kobold brigand is distracted by your dazzling golden aura.
The kobold brigand hits you with a +0 club.
You die...
Your body crumbles into a pile of gold.

#.# ## ..... ### ### #.#
#. ...K.# #.. ..# #.###.
......# #.# #.# #.....
....... #.#####.##
#######. .......
#.##..... ..# #. ....K..
#.##.##.# #.# ##
.....KK####K##.##.#.##.##
...K.KKKKKK$@.....# ....#
....##K##########.# #..#
. ..... . #.####..##
#.### ....#........####
###.###
.......[.).....##..
#.....#
..........#........
#D#.#.#
............#..##..
#.#.#.#
####..#..#.....####
#$#...###
#≈##..#........#


You could see 2 kobold brigands and 8 kobolds.

Vanquished Creatures
  Harold (D:7)
  A wyvern (D:8)
  6 yaks
  2 steam dragons
  Menkaure (D:4)
  An acid dragon (D:5)
  2 orc warriors (D:8)
  3 black bears
  2 necrophages
  3 ogres
  A kobold brigand (D:8)
  Blork the orc (D:5)
  2 bullfrogs (Sewer)
  2 scorpions
  5 howler monkeys
  3 bullfrog zombies
  A jelly (D:4)
  2 orc priests
  3 hounds
  2 iguanas
  4 orc wizards
  2 hound skeletons
  9 mummies
  9 adders
  4 gnolls (D:8)
  A river rat (D:3)
  2 shadow imps (D:6)
  3 white imps
  3 worms
  A dart slug (D:2)
  27 orcs
  13 ball pythons
  5 bats
  5 endoplasms
  16 giant cockroaches
  3 gnoll zombies (Ossuary)
  12 goblins
  4 hobgoblins
  2 jackals (D:4)
  9 kobolds
  7 quokkas
  8 frilled lizards
  A goblin zombie (D:8)
  2 hobgoblin zombies
  4 orc zombies (Ossuary)
  12 rats
212 creatures vanquished.

Vanquished Creatures (others)
  A kobold (D:8)
1 creature vanquished.

Grand Total: 213 creatures vanquished

Notes
Turn   | Place    | Note
-------+----------+-------------------------------------------
     0 | D:1      | erker the Octopode Earth Elementalist began the quest for
                  | the Orb.
     0 | D:1      | Reached XP level 1. HP: 11/11 MP: 3/3
   254 | D:1      | Reached XP level 2. HP: 17/17 MP: 5/5
   257 | D:1      | Learned a level 2 spell: Passwall
   524 | D:1      | Reached skill level 1 in Short Blades
   862 | D:1      | Reached XP level 3. HP: 13/21 MP: 6/6
   981 | D:1      | Found a faded altar of an unknown god.
  2034 | D:3      | Reached XP level 4. HP: 27/27 MP: 7/7
  2105 | D:3      | Found a glowing drain.
  2113 | D:3      | Learned a level 4 spell: Petrify
  2114 | Sewer    | Entered a sewer
  2149 | Sewer    | Noticed a bullfrog
  2149 | Sewer    | Noticed a bullfrog
  2153 | Sewer    | Killed a bullfrog
  2154 | Sewer    | Reached XP level 5. HP: 29/31 MP: 5/8
  2316 | Sewer    | Reached XP level 6. HP: 34/36 MP: 9/9
  3165 | D:3      | Found a blossoming altar of Fedhas.
  3355 | D:4      | Noticed Menkaure
  3497 | D:4      | Killed Menkaure
  3498 | D:4      | Reached skill level 5 in Earth Magic
  3586 | D:4      | Reached XP level 7. HP: 41/41 MP: 10/10
  3729 | D:4      | Reached skill level 5 in Transmutations
  4388 | D:5      | Entered Level 5 of the Dungeon
  4401 | D:5      | Noticed an angel
  4402 | D:5      | Found a shimmering altar of Xom.
  4414 | D:5      | Reached XP level 8. HP: 35/46 MP: 7/11
  4498 | D:5      | Found a glowing silver altar of Zin.
  4916 | D:5      | Found a shimmering blue altar of Sif Muna.
  4917 | D:5      | Found a broken altar of Ashenzari.
  4920 | D:5      | Found a sacrificial altar of Ru.
  4921 | D:5      | Found a basalt altar of Yredelemnul.
  4922 | D:5      | Found a hide-covered altar of Uskayaw.
  4977 | D:5      | Found a staircase to the Ecumenical Temple.
  5017 | D:5      | Identified the +1 robe "Qeeq" {+Inv Archmagi}
  5206 | D:5      | Noticed Blork the orc
  5225 | D:5      | Killed Blork the orc
  5320 | D:5      | Noticed a yak
  5320 | D:5      | Noticed a yak
  5320 | D:5      | Noticed a yak
  5320 | D:5      | Noticed a yak
  5320 | D:5      | Noticed a yak
  5320 | D:5      | Noticed a yak
  5488 | D:3      | Killed a yak
  5826 | D:5      | Found a stormy altar of Qazlal.
  5826 | D:5      | Found a snail-covered altar of Cheibriados.
  5827 | D:5      | Found an opulent altar of Gozag.
  5836 | D:5      | Became a worshipper of Gozag Ym Sagoz the Greedy
  5956 | D:5      | Killed a yak
  6082 | D:4      | Reached XP level 9. HP: 48/51 MP: 7/12
  6261 | D:5      | Reached skill level 5 in Stealth
  7853 | D:6      | Noticed a moth of wrath
  7855 | D:6      | Found a bloodstained altar of Trog.
  8261 | D:7      | Noticed Harold
  8275 | D:7      | Killed Harold
  8276 | D:7      | Reached XP level 10. HP: 35/56 MP: 8/16
  9386 | D:8      | Found a sand-covered staircase.
  9405 | Ossuary  | Entered an ossuary
  9424 | Ossuary  | Reached skill level 10 in Earth Magic
 10446 | D:8      | Reached skill level 10 in Transmutations
 10446 | D:8      | Slain by a kobold brigand

Illustrated notes

Levels and vault maps discovered:
D:1:      psy_arrival_radial02, layout_loops_ring,
          shapermc_ecumenical_altar_flowoftime, chequers_serial_rivers_small_3,
          minmay_domino_2
D:2:      layout_basic, serial_rivers, chequers_serial_rivers_micro_b,
          chequers_serial_rivers_small_3, chequers_serial_rivers_small_3,
          chequers_serial_rivers_micro_b, chequers_serial_rivers_micro_a
D:3:      layout_basic, mainiacjoe_overflow_alcove_1, gup_sewer_entry_spiral,
          small_statue_intersection
D:4:      layout_gridville, uniq_menkaure
D:5:      layout_cave_pods, grunt_temple_overflow_order_and_chaos_1,
          grunt_temple_overflow_open, minmay_temple_entry_poolview,
          uniq_blork_the_orc
D:6:      layout_basic, tgw_trog, nicolae_water_bricks
D:7:      layout_basic, nicolae_elevator_lobby_asterisk, uniq_harold
D:8:      layout_loops_cross, nicolae_ossuary_entry_giza,
          chequers_serial_rivers_small_3

Skill      XL: |  1  2  3  4  5  6  7  8  9 10 |
---------------+-------------------------------+-----
Stealth        | 3 4 6 |  6.0
Short Blades   | 1 2 |  2.0
Transmutations | 2 3 4 6 7 8 10 | 10.0
Earth Magic    | 4 5 6 7 9 10 | 10.0
Spellcasting   | 4 |  4.0
Fighting       | |  0.1
Dodging        | |  2.0

Action                   |  1- 3 |  4- 6 |  7- 9 | 10-12 || total
-------------------------+-------+-------+-------+-------++-------
Melee: Unarmed           |     4 |       |       |       ||     4
       Dagger            |    35 |       |     2 |       ||    37
       Constrict         |     9 |    31 |    29 |    23 ||    92
       Tentacles         |     8 |    17 |    53 |    25 ||   103
       Short sword       |    13 |    97 |   161 |    81 ||   352
       Punch             |       |       |     2 |     2 ||     4
Throw: Stone             |       |       |     1 |       ||     1
 Cast: Sandblast         |    15 |     8 |    25 |    32 ||    80
       Passwall          |       |     1 |     6 |     1 ||     8
       Petrify           |       |       |    23 |     3 ||    26
  Use: Potion            |       |       |       |     1 ||     1
 Stab: Sleeping          |    16 |    18 |    18 |    10 ||    62
       Petrified         |       |       |    73 |     6 ||    79
       Distracted        |       |       |       |     1 ||     1
       Petrifying        |       |       |       |     1 ||     1
Armor: Skin              |     5 |     6 |     2 |     2 ||    15
Dodge: Dodged            |    25 |    55 |    47 |    44 ||   171
